 Dungeon Crawl Stone Soup version 0.16-a0-3325-g64f94fb (webtiles) character file.

78 PolkaDot the Caller (level 4, 0/35 HPs)
             Began as a Vampire Summoner on Dec 27, 2014.
             Slain by a centaur (8 damage)
             ... on level 3 of the Dungeon.
             The game lasted 00:07:02 (2973 turns).

PolkaDot the Caller (Vampire Summoner)              Turns: 2973, Time: 00:07:02

Health: 0/35       AC:  2    Str:  7    XL:     4   Next: 15%
Magic:  0/7        EV: 12    Int: 18    God:
Gold:   135        SH:  0    Dex: 14    Spells: 3 memorised, 1 level left

rFire  + . .     SeeInvis +     e - +0 spear
rCold  + . .     Clarity  .     a - +0 robe
rNeg   + . .     SustAb   .     (no shield)
rPois  +         Gourm    .     (no helmet)
rElec  +         Spirit   .     (no cloak)
rCorr  +         Warding  .     (no gloves)
rMut   .         Stasis   .     (no boots)
MR     .....                    (no amulet)
Stlth  ++........               (no ring)
                                (no ring)

@: resistant, not resistant to hostile enchantments, unstealthy
A: bottle blood, fangs 3, see invisible, unbreathing
a: Bat Form


You were on level 3 of the Dungeon.
You were not thirsty.

You visited 1 branch of the dungeon, and saw 3 of its levels.

You collected 135 gold pieces.

Inventory:

Hand weapons
 e - a +0 spear (weapon)
Armour
 a - a +0 robe (worn)
Scrolls
 g - a scroll of remove curse
 j - 2 scrolls of immolation {unknown}
 m - a scroll of identify {unknown}
 n - a scroll of teleportation {unknown}
Potions
 f - a potion of haste {unknown}
 h - 9 potions of blood {@*1}
 i - a potion of flight {unknown}
 l - a potion of agility {unknown}
Books
 b - a book of Callings

   Spells                             Type                      Level
   a - Summon Small Mammal            Summoning                    1
   b - Call Imp                       Summoning                    2
   c - Call Canine Familiar           Summoning                    3
   d - Summon Guardian Golem          Hexes/Summoning              4
   e - Summon Lightning Spire         Summoning/Air                4
   f - Summon Ice Beast               Ice/Summoning                4


   Skills:
 + Level 3.4 Fighting
 - Level 2.1 Dodging
 - Level 3.0 Stealth
 - Level 2.0 Spellcasting
 - Level 4.0 Summonings


You had one spell level left.
You knew the following spells:

 Your Spells              Type           Power        Failure   Level  Hunger
d - Call Canine Familiar  Summ           ###.....     12%         3    ###....
s - Call Imp              Summ           ###.....     6%          2    ###....
z - Summon Small Mammal   Summ           ###.         3%          1    #......


Dungeon Overview and Level Annotations

Branches:
Dungeon (3/15)

Altars:
The Shining One


Innate Abilities, Weirdness & Mutations

You can bottle blood from corpses.
You have razor-sharp teeth.
You have supernaturally acute eyesight.
You can survive without breathing.


Message History

Casting: Call Imp
Confirm with . or Enter, or press ? or * to list all spells.
The centaur barely misses you.
Casting: Call Canine Familiar
Confirm with . or Enter, or press ? or * to list all spells.
A beastly little devil appears in a puff of flame.
* * * LOW MAGIC WARNING * * *
The centaur misses you. The centaur closely misses you.
Casting: Call Imp
Confirm with . or Enter, or press ? or * to list all spells.
A beastly little devil appears in a puff of frigid air.
* * * LOW MAGIC WARNING * * *
Your hound bites the centaur.
The centaur hits you!
* * * LOW HITPOINT WARNING * * *
Your hound bites the centaur but does no damage.
Your crimson imp blinks!
You hit the centaur. You bite the centaur, but do no damage.
The centaur is heavily wounded.
The centaur hits you!
You die...

#.#.....#
#.#.....#
#.#.....######
#.#.....#......
#.#..%..#...%...
#.#....##r.h....
.#....# ..h.r..
#5#####........
#.@chr(......?.
#.h####..!...).
#... .......
#.^5. .......
###### #.#####
.# ##


You could see a centaur, a quokka, a jackal, a friendly hound, a friendly
crimson imp and a friendly white imp.

Vanquished Creatures
  An orc priest (D:3)
  4 giant geckos
  2 orcs (D:3)
  2 giant cockroaches
  5 goblins
  5 hobgoblins
  4 jackals
  7 kobolds
  A ball python (D:2)
  4 bats
  4 giant newts
  5 rats
44 creatures vanquished.

Vanquished Creatures (collateral kills)
  An adder (D:3)
  A worm (D:2)
  An adder zombie (D:1)
  A kobold (D:1)
  2 bats (D:1)
  A goblin (D:3)
  2 jackals (D:1)
  A quokka zombie (D:1)
10 creatures vanquished.

Vanquished Creatures (others)
  2 bats (D:1)
  2 quokkas
4 creatures vanquished.

Grand Total: 58 creatures vanquished

Notes
Turn   | Place    | Note
--------------------------------------------------------------
     0 | D:1      | PolkaDot, the Vampire Summoner, began the quest for the Orb.
     0 | D:1      | Reached XP level 1. HP: 13/13 MP: 3/3
   553 | D:1      | Reached skill level 1 in Fighting
   590 | D:1      | Reached XP level 2. HP: 4/21 MP: 1/4
   755 | D:1      | Learned a level 2 spell: Call Imp
  1605 | D:1      | Reached XP level 3. HP: 26/28 MP: 6/6
  1686 | D:1      | Learned a level 3 spell: Call Canine Familiar
  2465 | D:2      | Found a glowing golden altar of the Shining One.
  2755 | D:3      | Reached XP level 4. HP: 22/35 MP: 2/7
  2954 | D:3      | Noticed a centaur
  2973 | D:3      | Slain by a centaur

Action                   |  1- 3 |  4- 6 || total
-------------------------+-------+-------++-------
Melee: Dagger            |    42 |       ||    42
       Unarmed           |    16 |       ||    16
       Spear             |   143 |    21 ||   164
 Cast: Summon Small Mamm |    20 |       ||    20
       Call Imp          |     2 |     4 ||     6
       Call Canine Famil |     2 |     2 ||     4
  Use: Potion            |     1 |     4 ||     5
       Scroll            |     1 |       ||     1
 Stab: Sleeping          |     3 |     1 ||     4
       Distracted        |     2 |       ||     2
  Eat: Corpse            |     9 |       ||     9
